 Dungeon Crawl Stone Soup version 0.23.2-11-gf996548c65 (webtiles) character file.

Game seed: 3293514034736340964

70 goulibeur the Covered (level 4, -1/40 HPs)
             Began as a Minotaur Fighter on June 4, 2019.
             Slain by Sigmund
             ... wielding a +0 scythe
              (8 damage)
             ... on level 2 of the Dungeon.
             The game lasted 00:03:05 (1116 turns).

goulibeur the Covered (Minotaur Fighter)            Turns: 1116, Time: 00:03:06

Health: -1/40      AC: 13    Str: 25    XL:     4   Next: 4%
Magic:  3/3        EV:  5    Int:  5    God:
Gold:   76         SH:  0    Dex: 11    Spells: 3/3 levels left

rFire    . . .     SeeInvis .   a - +0 flail
rCold    . . .     Gourm    .   c - +0 shield
rNeg     . . .     Faith    .   l - +0 plate armour
rPois    .         Spirit   .   (helmet restricted)
rElec    .         Reflect  .   (no cloak)
rCorr    .         Harm     .   b - +0 pair of gloves
MR       .....                  (no boots)
Stlth    ..........             (no amulet)
HPRegen  0.13/turn              (no ring)
MPRegen  0.08/turn              (no ring)

@: confused, mighty
A: retaliatory headbutt, horns 2
a: no special abilities


You were on level 2 of the Dungeon.
You were not hungry.

You visited 1 branch of the dungeon, and saw 2 of its levels.

You collected 76 gold pieces.

Inventory:

Hand Weapons
 a - a +0 flail (weapon)
Missiles
 e - 10 poisoned needles
 k - 16 sling bullets
Armour
 b - a +0 pair of gloves (worn)
 c - a +0 shield (worn)
 l - a +0 plate armour (worn)
Scrolls
 g - 3 scrolls of teleportation {unknown}
 h - 2 scrolls of remove curse {unknown}
 i - 2 scrolls of amnesia {unknown}
 j - 3 scrolls of enchant weapon {unknown}
 o - a scroll of identify {unknown}
Potions
 m - 2 potions of lignification {unknown}
 n - 2 potions of flight {unknown}
 p - a potion of curing {unknown}
Comestibles
 f - 3 rations


   Skills:
 + Level 4.1 Fighting
 + Level 3.0 Maces & Flails
 + Level 1.2 Throwing
 + Level 4.1 Armour
 + Level 1.4 Dodging
 + Level 4.1 Shields


You had 3 spell levels left.
You didn't know any spells.
Your spell library was empty.

Dungeon Overview and Level Annotations

Branches:
Dungeon (2/15)

Altars:

Annotations:
D:2 Sigmund


Innate Abilities, Weirdness & Mutations

You reflexively headbutt those who attack you in melee.
You have a pair of horns on your head.


Message History

Something hits you. You block something's attack.
You hear some strange, mumbled words.
A puff of flame appears from out of thin air!
The puff of flame hits you but does no damage.
Something hits you!
You closely miss something. You headbutt something!
You hear some strange, mumbled words.
You are confused.
You bump into the rock wall.
Something hits you but does no damage. Something hits you. Something hits you.
* * * LOW HITPOINT WARNING * * *
You barely miss something.
You hear some strange, mumbled words.
A puff of flame appears from out of thin air!
The puff of flame hits you.
* * * LOW HITPOINT WARNING * * *
Something hits you!
You die...

..# #.# ..# #.# #+ $...
..####.# #. #....
.......# #.#### .....
.......######....#......
...............#@#......
...............#{#......
...##)..................
...###)######...........
...###.# #..........?
...'...######...........
...###.##......##.......
...# #.##.....## #......
.#.# #........# ######


There were no monsters in sight!

Vanquished Creatures
  4 gnolls (D:2)
  A worm (D:2)
  A leopard gecko (D:1)
  2 bats (D:1)
  A giant cockroach (D:1)
  3 goblins (D:1)
  5 hobgoblins
  3 jackals (D:1)
  4 kobolds (D:1)
  A frilled lizard (D:1)
  A rat (D:2)
26 creatures vanquished.

Notes
Turn   | Place    | Note
-------+----------+-------------------------------------------
     0 | D:1      | goulibeur the Minotaur Fighter began the quest for the Orb.
     0 | D:1      | Reached XP level 1. HP: 19/19 MP: 0/0
   260 | D:1      | Reached XP level 2. HP: 25/27 MP: 1/1
   610 | D:1      | Reached skill level 1 in Dodging
   994 | D:2      | Reached XP level 3. HP: 33/33 MP: 2/2
   996 | D:2      | Reached skill level 1 in Throwing
  1007 | D:2      | Reached XP level 4. HP: 29/40 MP: 3/3
  1094 | D:2      | Noticed Sigmund
  1116 | D:2      | Slain by Sigmund

Skill      XL: |  1  2  3 |
---------------+----------+-----
Dodging        | 1 |  1.4
Fighting       | 4 |  4.1
Armour         | 4 |  4.1
Throwing       | 1 |  1.2
Shields        | 4 |  4.1
Maces & Flails | 3 |  3.0

Action                   |  1- 3 |  4- 6 || total
-------------------------+-------+-------++-------
Melee: Flail             |    74 |     4 ||    78
       Headbutt          |     9 |     1 ||    10
  Use: Potion            |       |     1 ||     1
  Eat: Chunk             |       |     1 ||     1
Armor: Scale mail        |    14 |       ||    14
       Plate armour      |    33 |     6 ||    39
Dodge: Dodged            |    23 |     2 ||    25
Block: Shield            |    37 |     1 ||    38
